 Dungeon Crawl Stone Soup version 0.30.0 (webtiles) character file.

Game seed: 4923745249731427907

122 Ayyar the Shield-Bearer (level 5, -20/42 HPs)
             Began as a Formicid Fighter on May 24, 2023.
             Demolished by an ogre
             ... wielding a +0 giant club
              (26 damage)
             ... on level 2 of the Dungeon.
             The game lasted 00:04:35 (1923 turns).

Ayyar the Shield-Bearer (Formicid Fighter)          Turns: 1923, Time: 00:04:35

Health: -20/42     AC:  7    Str: 22    XL:     5   Next: 27%
Magic:  5/5        EV:  9    Int:  8    God:
Gold:   92         SH:  5    Dex: 13    Spells: 4/4 levels left

rFire   . . .        a - +0 trident
rCold   . . .        c - +0 buckler
rNeg    . . .        b - +0 scale mail
rPois   .            (helmet unavailable)
rElec   .            (no cloak)
rCorr   .            (no gloves)
SInv    +            (no boots)
Will    .....        (no amulet) Stlth
                     (no ring)
HPRegen 0.27/turn    (no ring)
MPRegen 0.09/turn

%: no passive effects
@: mighty
A: permanent stasis, dig shafts and tunnels, antennae 3, four strong arms
a: Dig, Shaft Self


You were on level 2 of the Dungeon.
You visited 1 branch of the dungeon, and saw 3 of its levels.

You collected 92 gold pieces.

Inventory:

Hand Weapons
 a - a +0 trident (weapon)
Missiles
 o - 4 poisoned darts
Armour
 b - a +0 scale mail (worn)
 c - a +0 buckler (worn)
Jewellery
 g - an amulet of guardian spirit
Scrolls
 e - 3 scrolls of identify {unknown}
 f - 2 scrolls of blinking {unknown}
 h - 2 scrolls of enchant armour {unknown}
 k - 2 scrolls of fear {unknown}
 n - a scroll of poison {unknown}
Potions
 i - 2 potions of heal wounds {unknown}
 j - a potion of curing {unknown}
 l - a potion of brilliance {unknown}
 m - a potion of ambrosia {unknown}


   Skills:
 + Level 4.1 Fighting
 * Level 3.1 Polearms
 + Level 4.1 Armour
 + Level 5.0 Shields


You had 4 spell levels left.
You didn't know any spells.
Your spell library contained the following spells:

 Spells                   Type           Power      Damage    Failure   Level
 Necrotise                Necr           0%         1d4       80%         1
 Vampiric Draining        Necr           0%         2d6       99%         3
 Agony                    Necr           0%         N/A       100%        5


Dungeon Overview and Level Annotations

Branches:
Dungeon (3/15)

Altars:


Innate Abilities, Weirdness & Mutations

You cannot be hasted, slowed, berserked, paralysed or teleported.
You can dig through walls and to a lower floor.
You have a pair of large antennae on your head. (SInv)
Your four strong arms can wield two-handed weapons with a shield.


Message History

The dart slug launches a dart at you. The slug dart misses you.
The quokka bites you but does no damage.
You puncture the quokka!
You kill the quokka!
You see here 4 poisoned darts.
o - 4 poisoned darts The dart slug launches a dart at you.
The slug dart misses you.
You hit the dart slug.
The dart slug is lightly wounded.
The dart slug bites you but does no damage.
You hit the dart slug.
The dart slug is severely wounded.
The dart slug completely misses you.
You hit the dart slug.
The dart slug is almost dead.
You hit the dart slug.
You kill the dart slug!
There is a stone staircase leading up here.
You climb upwards.
There is a stone staircase leading down here.
There is a stone staircase leading down here.
You climb downwards.
The ogre shouts!
There is a stone staircase leading up here.
The ogre hits you with a +0 giant club!
You climb upwards.
There is a stone staircase leading down here.
You hit the ogre but do no damage. The ogre barely misses you.
You barely miss the ogre. The ogre hits you with a +0 giant club!
You completely miss the ogre.
You feel very mighty all of a sudden. The ogre hits you with a +0 giant club!
* * * LOW HITPOINT WARNING * * *
You hit the ogre.
The ogre is lightly wounded.
The ogre hits you with a +0 giant club!!
Ouch! That really hurt!
You die...

#.##.### ##.......## ##..#
#......# ##.....## ##.#
#.####.# ##...## #.#
#.####.# ##'## #.# #....#.#
#.# #.#
#.##.#.#######.##########.#
#[.....#.....#.).......##.#
####.###.......>######.##.#
#.# #.###@....# #.##.# #.#
#.# #.O>.######.##.#
#.###.###.#..###.......#
#................##.####
#####........######.#
#.###.##.######.#
#.....##........#
#################


You could see an ogre.

Vanquished Creatures
  Natasha (thrice) (D:2)
  2 worms (D:2)
  A dart slug (D:3)
  4 bats
  An endoplasm (D:1)
  2 giant cockroaches (D:1)
  3 goblins
  2 hobgoblins
  5 kobolds
  2 quokkas
  6 ball pythons
  4 frilled lizards
  8 rats
43 creatures vanquished.

Notes
Turn   | Place    | Note
-------+----------+-------------------------------------------
     0 | D:1      | Ayyar the Formicid Fighter began the quest for the Orb.
     0 | D:1      | Reached XP level 1. HP: 18/18 MP: 1/1
   120 | D:1      | Reached XP level 2. HP: 23/24 MP: 2/2
   526 | D:1      | Reached XP level 3. HP: 29/29 MP: 3/3
  1166 | D:2      | Noticed Natasha
  1174 | D:2      | Killed Natasha
  1175 | D:2      | Reached XP level 4. HP: 30/37 MP: 4/4
  1437 | D:2      | Noticed Natasha
  1446 | D:2      | Killed Natasha
  1510 | D:2      | Noticed Natasha
  1525 | D:2      | Killed Natasha
  1526 | D:2      | Reached skill level 5 in Shields
  1526 | D:2      | Reached XP level 5. HP: 12/42 MP: 5/5
  1916 | D:3      | Noticed an ogre
  1923 | D:2      | Demolished by an ogre

Illustrated notes

Levels and vault maps discovered:
D:1:      amcnicky_arrival_double_pillar, layout_loops_ring
D:2:      layout_loops_corners, grunt_ministairs_9, uniq_natasha
D:3:      layout_basic

Skill      XL: |  1  2  3  4 |
---------------+-------------+-----
Fighting       | 4 |  4.1
Armour         | 4 |  4.1
Polearms       | 3 |  3.1
Shields        | 5 |  5.0

Action                     |  1- 3 |  4- 6 || total
---------------------------+-------+-------++-------
  Melee: Trident           |    99 |    40 ||   139
    Use: Potion            |       |     1 ||     1
 Armour: Scale mail        |    24 |     5 ||    29
  Dodge: Dodged            |    35 |    14 ||    49
  Block: Buckler           |    23 |     4 ||    27
